 Dungeon Crawl Stone Soup version 0.21-a0-531-gacddea6 (webtiles) character file.

1863 Amnesiac the Archer (level 8, -5/46 HPs)
             Began as a Deep Elf Arcane Marksman on Dec 12, 2017.
             Was a Believer of Okawaru.
             Killed by divine providence
             ... invoked by an orc priest
              (14 damage)
             ... on level 6 of the Dungeon.
             The game lasted 00:19:13 (8437 turns).

Amnesiac the Archer (Deep Elf Arcane Marksman)      Turns: 8437, Time: 00:19:13

Health: -5/46      AC:  3    Str:  9    XL:     8   Next: 90%
Magic:  8/16       EV: 15    Int: 19    God:    Okawaru [**....]
Gold:   321        SH:  5    Dex: 15    Spells: 2/15 levels left

rFire    . . .     SeeInvis .   b - +0 hunting sling
rCold    + . .     Gourm    .   (no shield)
rNeg     . . .     Faith    .   e - +0 robe
rPois    +         Spirit   .   z - +0 helmet
rElec    .         Reflect  +   (no cloak)
rCorr    .         Harm     .   (no gloves)
MR       .....                  (no boots)
Stlth    +.........             t - +5 amulet of reflection
HPRegen  0.15/turn              k - ring of poison resistance
MPRegen  0.15/turn              E - ring of protection from cold

@: no status effects
A: no striking features
a: Heroism, Renounce Religion


You were on level 6 of the Dungeon.
You worshipped Okawaru.
Okawaru was pleased with you.
You were not hungry.

You visited 2 branches of the dungeon, and saw 7 of its levels.

You collected 321 gold pieces.

Inventory:

Hand Weapons
 a - a +0 shortbow
 b - a +0 hunting sling (weapon)
 l - a +0 dagger of electrocution
 v - a +2 dagger of distortion
Missiles
 d - 20 arrows
 m - 6 poisoned needles
 o - 251 stones (quivered)
Armour
 e - a +0 robe (worn)
 z - a +0 helmet (worn)
 G - a +0 pair of gloves
Jewellery
 k - a ring of poison resistance (left hand)
 t - a +5 amulet of reflection (around neck)
 E - a ring of protection from cold (right hand)
Wands
 y - a wand of flame (26)
Scrolls
 g - 6 scrolls of remove curse {!r, unknown}
 h - 2 scrolls of fear {!r, unknown}
 n - a scroll of enchant armour {!r, unknown}
 p - 3 scrolls of teleportation {!r}
 A - 2 scrolls of noise {!r, unknown}
 D - 2 scrolls of magic mapping {!r, unknown}
 F - 3 scrolls of identify {!r}
 L - a scroll of enchant weapon {!r, unknown}
Potions
 i - a potion of might {!q, unknown}
 j - a potion of agility {!q}
 w - 3 potions of magic {!q}
 x - 2 potions of heal wounds {!q}
 C - a potion of ambrosia {!q}
 I - a potion of degeneration {!q, unknown}
 J - a potion of resistance {!q, unknown}
 K - a potion of curing {!q}
Books
 c - a book of Debilitation

   Spells                             Type                      Level
   a - Corona                         Hexes                        1
   b - Slow                           Hexes                        2
   c - Inner Flame                    Hexes/Fire                   3
   d - Portal Projectile              Hexes/Translocation          3
   e - Cause Fear                     Hexes                        4
   f - Leda's Liquefaction            Hexes/Earth                  4
 H - a book of Necromancy

   Spells                             Type                      Level
   a - Pain                           Necromancy                   1
   b - Animate Skeleton               Necromancy                   1
   c - Vampiric Draining              Necromancy                   3
   d - Regeneration                   Charms/Necromancy            3
   e - Animate Dead                   Necromancy                   4
   f - Control Undead                 Necromancy                   4
Comestibles
 f - 5 bread rations
 q - a royal jelly
 s - 6 chunks of flesh
 u - 2 meat rations
 B - 3 fruits


   Skills:
 - Level 3.0 Fighting
 * Level 9.9 Bows
 - Level 4.7 Dodging
 - Level 4.0 Spellcasting
 + Level 7.1 Hexes


You had 2 spell levels left.
You knew the following spells:

 Your Spells              Type           Power        Failure   Level  Hunger
a - Corona                Hex            ####...      1%          1    None
b - Cause Fear            Hex            ####......   7%          4    ####...
c - Portal Projectile     Hex/Tloc       ###...       10%         3    ###....
e - Slow                  Hex            ####....     1%          2    ##.....
r - Regeneration          Chrm/Necr      #.........   38%         3    ###....


Dungeon Overview and Level Annotations

Branches:
Dungeon (6/15)             Temple (1/1) D:5

Altars:
Ashenzari
Cheibriados
Dithmenos
Elyvilon
Gozag
Kikubaaqudgha
Okawaru
Vehumet
Wu Jian
The Shining One

Shops:
D:4 =


Message History

Aim: an orc priest, wielding a dagger and wearing a leather armour (translocational energy, severely wounded)
You shoot a stone. The stone hits the orc priest.
The orc priest is almost dead.
You block the orc priest's attack. The orc priest hits you with a dagger.
Firing (i - inventory):
o - 256 stones (quivered)
Press: ? - help, Shift-Dir - straight line, f/p - orc priest
Aim: an orc priest, wielding a dagger and wearing a leather armour (almost dead)
You shoot a stone.
The stone closely misses the orc priest.
The stone hits the orc.
The orc is moderately wounded.
The orc wizard gestures wildly while chanting.
The orc wizard blinks!
The orc wizard gestures wildly while chanting.
The orc wizard blinks!
You block the orc priest's attack.
Firing (i - inventory):
o - 255 stones (quivered)
Press: ? - help, Shift-Dir - straight line, f/p - orc priest
Aim: an orc priest, wielding a dagger and wearing a leather armour (almost dead)
You shoot a stone. The stone hits the orc priest.
The orc priest is almost dead.
The orc priest invokes the aid of Beogh against you.
Beogh smites you!
* * * LOW HITPOINT WARNING * * *
Firing (i - inventory):
o - 254 stones (quivered)
Press: ? - help, Shift-Dir - straight line, f/p - orc priest
Aim: an orc priest, wielding a dagger and wearing a leather armour (almost dead)
You shoot a stone.
The stone closely misses the orc priest.
The stone hits the orc.
You kill the orc!
Okawaru accepts your kill.
The orc wizard casts a spell.
The orc wizard blinks!
The orc priest invokes the aid of Beogh against you.
Beogh smites you!
* * * LOW HITPOINT WARNING * * *
Okay, then.
Casting: Corona
Confirm with . or Enter, or press ? or * to list all spells.
The orc wizard resists with almost no effort.
The orc looks frightened!
The orc priest looks frightened!
Casting: Cause Fear
Confirm with . or Enter, or press ? or * to list all spells.
The orc wizard looks frightened!
The orc wizard gestures wildly while chanting.
The orc wizard blinks!
The orc wizard mumbles some strange words.
The orc wizard blinks!
Firing (i - inventory):
o - 253 stones (quivered)
Press: ? - help, Shift-Dir - straight line, f/p - orc priest
Aim: an orc priest, wielding a dagger and wearing a leather armour (almost dead, fleeing)
You shoot a stone. The stone barely misses the orc priest.
The orc wizard mumbles some strange words.
The orc wizard blinks!
The orc wizard gestures at you while chanting.
You easily resist.
Firing (i - inventory):
o - 252 stones (quivered)
Press: ? - help, Shift-Dir - straight line, f/p - orc priest
Aim: an orc priest, wielding a dagger and wearing a leather armour (almost dead, fleeing)
You shoot a stone.
The stone completely misses the orc priest.
The orc priest mumbles some strange prayers to Beogh against you.
Beogh smites you!
You die...

#.## #.# .# #.#####.# #..# #.#
.# ###.# #.# ##.# #.###.#
##..># ##.# #.# #..#..# #..###
#..##### #.# ##...#####.##
###.##...# #.#
#.<)......#####.o.##...# #.#
##()).........)........#
#.######...o.####...######...#
##..#......##()(@ยง.### #...#
......##..###..##### ##.##
.###.###...o....# #.#
####......#####... #.#
............## ##.# #.#
.##..####.#..# .. #.# #...
#.##.# #.# . ## #.##.# #.# .#
#.##.## #.#


You could see an orc priest (fleeing), an orc wizard (fleeing) and an orc
(fleeing).

Vanquished Creatures
  Grinder (D:3)
  Sigmund (D:5)
  Edmund (D:5)
  A water moccasin (D:4)
  A black bear (D:3)
  2 orc warriors (D:5)
  A phantom (D:5)
  An ogre (D:6)
  A bullfrog (D:5)
  A scorpion (D:6)
  A crimson imp (D:5)
  A bullfrog zombie (D:2)
  5 orc wizards
  4 orc priests
  An iguana (D:4)
  Natasha (thrice) (D:3)
  3 worker ants
  A hound zombie (D:6)
  4 gnolls
  4 adders
  An adder zombie (D:5)
  2 worms
  2 dart slugs
  3 leopard geckos
  23 orcs
  3 ball pythons
  7 bats
  6 giant cockroaches
  10 goblins
  11 hobgoblins
  19 jackals
  9 kobolds
  4 quokkas
  5 frilled lizards
  A quokka skeleton (D:5)
  7 rats
151 creatures vanquished.

Notes
Turn   | Place    | Note
-------+----------+-------------------------------------------
     0 | D:1      | Amnesiac the Deep Elf Arcane Marksman began the quest for the Orb.
     0 | D:1      | Reached XP level 1. HP: 11/11 MP: 5/5
    35 | D:1      | Reached skill level 1 in Fighting
   288 | D:1      | Reached XP level 2. HP: 15/17 MP: 3/6
   941 | D:1      | Reached XP level 3. HP: 22/22 MP: 7/7
  1068 | D:1      | Learned a level 2 spell: Slow
  1105 | D:2      | Found an opulent altar of Gozag.
  1672 | D:2      | Found a glowing golden altar of the Shining One.
  1684 | D:2      | Reached XP level 4. HP: 23/28 MP: 6/8
  2159 | D:3      | Noticed Grinder
  2385 | D:3      | Noticed Natasha
  2394 | D:3      | Killed Natasha
  2394 | D:3      | Reached XP level 5. HP: 26/32 MP: 7/9
  2494 | D:3      | Noticed Natasha
  2503 | D:3      | Killed Natasha
  2529 | D:3      | Noticed Natasha
  2554 | D:3      | Killed Natasha
  2554 | D:3      | Reached skill level 3 in Bows
  2997 | D:3      | Learned a level 4 spell: Cause Fear
  3116 | D:3      | Paralysed by Grinder for 3 turns
  3192 | D:3      | Killed Grinder
  3192 | D:3      | Reached skill level 5 in Bows
  3192 | D:3      | Reached XP level 6. HP: 29/37 MP: 3/10
  3515 | D:4      | Found Haturur's Jewellery Emporium.
  3543 | D:4      | Found an ornate altar of the Wu Jian Council.
  3547 | D:4      | Found a shadowy altar of Dithmenos.
  3554 | D:4      | Found a shattered altar of Ashenzari.
  3627 | D:4      | Found a white marble altar of Elyvilon.
  3710 | D:4      | Noticed a water moccasin
  3786 | D:4      | HP: 1/37 [orc priest/hand axe (3)]
  4082 | D:4      | Killed a water moccasin
  4082 | D:4      | Reached skill level 6 in Bows
  4082 | D:4      | Reached XP level 7. HP: 24/41 MP: 7/13
  4888 | D:5      | Entered Level 5 of the Dungeon
  5460 | D:5      | Found a staircase to the Ecumenical Temple.
  5538 | Temple   | Entered the Ecumenical Temple
  5545 | Temple   | Became a worshipper of Warmaster Okawaru
  5703 | D:5      | Reached skill level 7 in Bows
  5894 | D:5      | Found a radiant altar of Vehumet.
  6148 | D:5      | Noticed Sigmund
  6153 | D:5      | Killed Sigmund
  6153 | D:5      | Reached XP level 8. HP: 46/46 MP: 16/16
  6423 | D:6      | Reached skill level 5 in Hexes
  6424 | D:6      | Reached skill level 8 in Bows
  6620 | D:5      | Reached * piety under Okawaru
  6816 | D:6      | Noticed Edmund
  6854 | D:5      | Killed Edmund
  7114 | D:6      | Learned a level 3 spell: Regeneration
  7179 | D:6      | Learned a level 3 spell: Portal Projectile
  7250 | D:5      | Reached skill level 9 in Bows
  8309 | D:6      | Found a white marble altar of Elyvilon.
  8395 | D:6      | Reached ** piety under Okawaru
  8437 | D:6      | Killed from afar by an orc priest

Vault maps used:
D:1:      dpeg_arrival_rhombus, minmay_tiny_reverse_x
D:2:      grunt_gozag_statues, tso_metal_star
D:3:      first_bread, minmay_misc_feat_plants, uniq_natasha, uniq_grinder
D:4:      cheibrodos_greedy_goblins, minmay_overflow_temple_star_quad,
          serial_shops, shop, elyvilon_altar_4
D:5:      temple_hall_moat, vehumet_altar_wand_db, uniq_sigmund
D:6:      basic_altar, uniq_edmund
Temple:   compressed_dpeg_circular_temple

Skill      XL: |  1  2  3  4  5  6  7  8 |
---------------+-------------------------+-----
Fighting       | 1 2 3 |  3.0
Dodging        | 3 4 |  4.7
Bows           | 5 6 7 9 |  9.9
Spellcasting   | 2 4 |  4.0
Hexes          | 7 |  7.1

Action                   |  1- 3 |  4- 6 |  7- 9 || total
-------------------------+-------+-------+-------++-------
Melee: Short sword       |    40 |       |       ||    40
 Fire: Shortbow          |    10 |   106 |   190 ||   306
       Hunting sling     |    69 |    96 |   199 ||   364
Throw: Stone             |       |       |     4 ||     4
 Cast: Corona            |    33 |    43 |    73 ||   149
       Slow              |       |    12 |    33 ||    45
       Cause Fear        |       |       |     3 ||     3
       Regeneration      |       |       |     3 ||     3
Evoke: Wand              |       |       |    27 ||    27
  Use: Potion            |       |     6 |       ||     6
       Scroll            |       |     4 |       ||     4
 Stab: Sleeping          |     2 |       |       ||     2
  Eat: Chunk             |     3 |     9 |    15 ||    27
Armor: Robe              |     8 |    12 |    14 ||    34
Dodge: Dodged            |    53 |    90 |   145 ||   288
Block: Other             |       |    19 |    43 ||    62
       Reflection        |       |       |     1 ||     1

Table legend:
 A = Spawn XP
 B = Non-spawn XP
 C = Spawn XP percentage of total XP
 D = Spawn monster count
 E = Non-spawn monster count
 F = Spawn count percentage of total count
 G = Total turns spent on level
                    A         B        C        D         E        F      G
               +---------+---------+-------+---------+---------+-------+---------
         Total |       0 |    2662 |   0.0 |       0 |     151 |   0.0 |  8437
               +---------+---------+-------+---------+---------+-------+---------
           D:1 |       0 |      43 |   0.0 |       0 |      25 |   0.0 |  1162
           D:2 |       0 |     116 |   0.0 |       0 |      25 |   0.0 |  1030
           D:3 |       0 |     554 |   0.0 |       0 |      23 |   0.0 |  1425
           D:4 |       0 |     347 |   0.0 |       0 |      25 |   0.0 |  1878
           D:5 |       0 |    1280 |   0.0 |       0 |      36 |   0.0 |  1964
           D:6 |       0 |     322 |   0.0 |       0 |      17 |   0.0 |   963
               +---------+---------+-------+---------+---------+-------+---------
